 Dungeon Crawl Stone Soup version 0.22.0 (webtiles) character file.

2005 Matezma the Ruffian (level 9, 0/89 HPs)
             Began as a Troll Berserker on Oct 28, 2018.
             Was an Elder of Trog.
             Succumbed to an orc warrior's poison
             ... on level 8 of the Dungeon.
             The game lasted 00:23:34 (4092 turns).

Matezma the Ruffian (Troll Berserker)               Turns: 4092, Time: 00:23:34

Health: 0/89       AC:  7    Str: 28    XL:     9   Next: 2%
Magic:  8/8        EV: 12    Int:  3    God:    Trog [****..]
Gold:   324        SH:  0    Dex: 11    Spells: 8/8 levels left

rFire    . . .     SeeInvis .     - Unarmed
rCold    . . .     Gourm    +   (no shield)
rNeg     . . .     Faith    .   g - +2 robe
rPois    .         Spirit   .   (helmet restricted)
rElec    .         Reflect  .   (no cloak)
rCorr    .         Harm     .   (gloves unavailable)
MR       .....                  (boots unavailable)
Stlth    +.........             (no amulet)
HPRegen  0.64/turn              q - +2 ring of slaying
MPRegen  0.11/turn              (no ring)

@: lethally poisoned (0 -> -15), flying
A: large, unfitting armour, claws 3, fast metabolism 3, gourmand, regeneration
1, shaggy fur 1, tough skin 2
a: Berserk, Trog's Hand, Brothers in Arms, Renounce Religion


You were on level 8 of the Dungeon.
You worshipped Trog.
Trog was greatly pleased with you.
You were completely stuffed.

You visited 1 branch of the dungeon, and saw 8 of its levels.
You also visited: Ossuary.

You collected 324 gold pieces.

Inventory:

Missiles
 d - 163 stones (quivered)
Armour
 a - a +2 animal skin
 g - a +2 robe (worn)
Jewellery
 q - a +2 ring of slaying (left claw)
Wands
 o - a wand of flame (24)
Scrolls
 e - a scroll of identify
 i - 2 scrolls of blinking
 j - 2 scrolls of fog
 k - 3 scrolls of teleportation
 m - a scroll of random uselessness
Potions
 c - 4 potions of flight
 f - a potion of lignification {unknown}
 h - a potion of degeneration {unknown}
 l - 3 potions of heal wounds {unknown}
 n - a potion of magic {unknown}
 p - 2 potions of haste {unknown}
Comestibles
 b - 16 rations


   Skills:
 + Level 6.2 Fighting
 + Level 6.2 Dodging
 + Level 7.4 Unarmed Combat


You had 8 spell levels left.
You didn't know any spells.
Your spell library was empty.

Dungeon Overview and Level Annotations

Branches:
Dungeon (8/15)             Temple (0/1) D:6
   Lair: D:8-11

Altars:
Sif Muna
Trog


Innate Abilities, Weirdness & Mutations

You are too large for most types of armour.
You have claws for hands.
Your metabolism is lightning-fast.
You like to eat raw meat.
Your natural rate of healing is unusually fast.
You are covered in fur. (AC +1)
You have very tough skin. (AC +2)


Message History

You see here an arrow.
* * * LOW HITPOINT WARNING * * *
You feel very sick.
The centaur unwields an uncursed shortbow.
The centaur hits you.
* * * LOW HITPOINT WARNING * * *
You are too injured to fight recklessly!
You are too injured to fight recklessly!
* * * LOW HITPOINT WARNING * * *
You feel very sick. The centaur barely misses you. x2
It was a potion of flight.
You feel very buoyant.
You fly up into the air.
* * * LOW HITPOINT WARNING * * *
You feel very sick. The centaur closely misses you. The orc misses you.
You scratch the centaur.
The centaur is moderately wounded.
You die...

# ######### .
##.#...(...#####..
.......†..........
..........c.......
##+#...<.o@.......
......##(#.###.##.
...... #(#.# .....
#)#.# .#+#+ #.#.#
..... #.#.. #.#..
#.#


You could see a centaur and an orc.

Vanquished Creatures
  A water moccasin (D:2)
  2 orc warriors
  3 ogres
  3 centaurs
  4 bullfrogs
  5 wights (D:6)
  A bullfrog zombie (D:5)
  A crimson imp (D:5)
  A quasit (D:6)
  3 hounds
  3 orc wizards
  An orc priest (D:6)
  A bullfrog skeleton (D:5)
  A centaur skeleton (D:5)
  2 iguanas (D:7)
  5 worker ants
  2 hound skeletons
  A worker ant zombie (D:7)
  9 adders
  A howler monkey skeleton (D:7)
  An ooze (D:6)
  4 worms
  3 dart slugs
  6 leopard geckos
  10 orcs
  5 bats
  5 giant cockroaches
  6 goblins
  7 hobgoblins
  3 quokkas
  4 frilled lizards
  3 kobolds
  A leopard gecko skeleton (D:5)
  A leopard gecko zombie (D:5)
  A quokka zombie (D:3)
110 creatures vanquished.

Notes
Turn   | Place    | Note
-------+----------+-------------------------------------------
     0 | D:1      | Matezma the Troll Berserker began the quest for the Orb.
     0 | D:1      | Reached XP level 1. HP: 22/22 MP: 0/0
    64 | D:1      | Reached XP level 2. HP: 29/29 MP: 1/1
   422 | D:2      | Reached XP level 3. HP: 36/36 MP: 2/2
   575 | D:2      | Noticed a water moccasin
   591 | D:2      | Killed a water moccasin
   591 | D:2      | Reached skill level 4 in Unarmed Combat
   591 | D:2      | Reached XP level 4. HP: 19/45 MP: 3/3
   591 | D:2      | Reached XP level 5. HP: 23/53 MP: 4/4
   661 | D:2      | Reached ** piety under Trog
  1107 | D:3      | Found a bloodstained altar of Trog.
  1759 | D:4      | Reached XP level 6. HP: 62/62 MP: 5/5
  2010 | D:5      | Entered Level 5 of the Dungeon
  2107 | D:5      | Reached skill level 5 in Unarmed Combat
  2159 | D:5      | Found a deep blue altar of Sif Muna.
  2193 | D:5      | Reached *** piety under Trog
  2193 | D:5      | Reached XP level 7. HP: 49/70 MP: 6/6
  2713 | D:6      | Reached skill level 5 in Fighting
  2713 | D:6      | Reached skill level 5 in Dodging
  2713 | D:6      | Reached skill level 6 in Unarmed Combat
  2732 | D:6      | Reached XP level 8. HP: 52/80 MP: 7/7
  2790 | D:6      | Found a staircase to the Ecumenical Temple.
  2966 | D:6      | Found a sand-covered staircase.
  2991 | Ossuary  | Entered an ossuary
  3483 | D:7      | Reached **** piety under Trog
  3483 | D:7      | Reached skill level 7 in Unarmed Combat
  4083 | D:8      | Reached XP level 9. HP: 37/89 MP: 8/8
  4090 | D:8      | HP: 4/89 [poisoned by an orc warrior]
  4092 | D:8      | Succumbed to an orc warrior's poison

Skill      XL: |  1  2  3  4  5  6  7  8 |
---------------+-------------------------+-----
Fighting       | 3 4 5 6 |  6.2
Dodging        | 3 4 5 6 |  6.2
Unarmed Combat | 4 5 6 7 |  7.4

Action                   |  1- 3 |  4- 6 |  7- 9 || total
-------------------------+-------+-------+-------++-------
Melee: Unarmed           |    54 |   115 |   139 ||   308
       Punch             |       |     4 |     8 ||    12
Throw: Stone             |       |    25 |       ||    25
Invok: Trog's Hand       |       |       |     1 ||     1
  Use: Scroll            |     2 |     6 |     8 ||    16
       Potion            |       |       |     1 ||     1
 Stab: Sleeping          |       |     2 |       ||     2
  Eat: Chunk             |     9 |    15 |    19 ||    43
Armor: Animal skin       |    13 |       |       ||    13
       Robe              |     8 |    26 |    24 ||    58
Dodge: Dodged            |    23 |    51 |    80 ||   154
